 Dungeon Crawl Stone Soup version 0.30.1-11-g7821555f0a (webtiles) character file.

Game seed: 9384296435106591543

25 Eitelfritz the Slasher (level 2, -1/25 HPs)
             Began as a Minotaur Gladiator on Jan 5, 2024.
             Slain by an adder (3 damage)
             ... on level 2 of the Dungeon.
             The game lasted 00:01:11 (841 turns).

Eitelfritz the Slasher (Minotaur Gladiator)          Turns: 841, Time: 00:01:12

Health: -1/25      AC:  6    Str: 18    XL:     2   Next: 82%
Magic:  1/1        EV: 10    Int:  5    God:
Gold:   92         SH:  0    Dex: 11    Spells: 1/1 levels left

rFire   . . .        a - +0 long sword
rCold   . . .        (no shield)
rNeg    . . .        l - +0 scale mail
rPois   .            c - +0 hat
rElec   .            (no cloak)
rCorr   .            (no gloves)
SInv    .            (no boots)
Will    .....        (no amulet) Stlth
                     f - ring of flight
HPRegen 0.24/turn    (no ring)
MPRegen 0.07/turn

%: no passive effects
@: lethally poisoned (-1 -> -4), flying
A: horns 2, retaliatory headbutt
a: no special abilities


You were on level 2 of the Dungeon.
You visited 1 branch of the dungeon, and saw 2 of its levels.

You collected 92 gold pieces.

Inventory:

Hand Weapons
 a - a +0 long sword (weapon)
Missiles
 d - 3 throwing nets (quivered)
 e - a javelin
 m - 3 poisoned darts
Armour
 c - a +0 hat (worn)
 l - a +0 scale mail (worn)
Jewellery
 f - a ring of flight (left hand)
Scrolls
 b - a scroll of torment {unknown}
 g - a scroll of immolation {unknown}
 i - 2 scrolls of vulnerability {unknown}
 n - a scroll of identify {unknown}
Potions
 h - a potion of mutation {unknown}
 j - 3 potions of lignification {unknown}
 k - a potion of haste {unknown}


   Skills:
 + Level 2.7 Fighting
 + Level 4.1 Long Blades
 + Level 2.1 Throwing
 + Level 3.9 Dodging


You had one spell level left.
You didn't know any spells.
Your spell library was empty.

Dungeon Overview and Level Annotations

Branches:
Dungeon (2/15)

Altars:


Innate Abilities, Weirdness & Mutations

You have a pair of horns on your head.
You reflexively headbutt those who attack you in melee.


Message History

The adder is moderately wounded.
A goblin comes into view. It is wielding a +0 dagger.
The adder bites you.
You are poisoned.
The adder poisons you!
You completely miss the adder.
The adder is moderately wounded.
You feel sick.
The goblin shouts!
The adder barely misses you. The adder bites you but does no damage.
You barely miss the adder.
The adder is moderately wounded.
You feel sick.
A quokka comes into view.
The adder bites you but does no damage. x2
You barely miss the adder. Your headbutt misses the adder.
The adder is moderately wounded.
You feel sick. The adder bites you.
You are more poisoned.
The adder poisons you! The kobold closely misses you.
You miss the adder.
The adder is moderately wounded.
You feel sick. The adder closely misses you. The quokka bites you.
The kobold barely misses you. The adder closely misses you.
The quokka barely misses you.
You hit the adder.
The adder is heavily wounded.
You feel sick. The kobold completely misses you. You furiously retaliate!
You headbutt the kobold!
You kill the kobold!
The adder bites you but does no damage. The quokka bites you.
The goblin closely misses you.
You slash the goblin!
You kill the goblin!
You feel sick. The adder bites you.
* * * LOW HITPOINT WARNING * * *
The quokka bites you.
* * * LOW HITPOINT WARNING * * *
The adder bites you.
You die...

... .. .#.
#.### !..
.....# #...
.....#
...###.$....
#..........#
#..#)).....#
#..#@#
#..rS#
#.#..###
#....<.#
#.#.....#
#.#......# #
#.........
#.....#..#
#.......##


You could see an adder and a quokka.

Vanquished Creatures
  A dart slug (D:1)
  3 ball pythons (D:1)
  A bat (D:1)
  2 endoplasms (D:1)
  2 giant cockroaches
  2 goblins
  5 hobgoblins
  A kobold (D:2)
  A quokka (D:1)
  A rat (D:2)
19 creatures vanquished.

Notes
Turn   | Place    | Note
-------+----------+-------------------------------------------
     0 | D:1      | Eitelfritz the Minotaur Gladiator began the quest for the
                  | Orb.
     0 | D:1      | Reached XP level 1. HP: 18/18 MP: 0/0
   462 | D:1      | Reached XP level 2. HP: 25/25 MP: 1/1
   494 | D:1      | Reached skill level 4 in Long Blades
   841 | D:2      | Slain by an adder

Illustrated notes

Levels and vault maps discovered:
D:1:      lightli_arrival_isolated_outpost, layout_loops_ring
D:2:      layout_rooms, chequers_ecumenical_altar_twisty, uniq_robin

Skill      XL: |  1  2 |
---------------+-------+-----
Long Blades    | 4 |  4.1
Fighting       | |  2.7
Throwing       | |  2.1
Dodging        | |  3.9

Action                     || total
---------------------------++-------
  Melee: Long sword        ||    41
         Headbutt          ||     5
 Armour: Scale mail        ||    24
         Leather armour    ||     1
  Dodge: Dodged            ||    28
